 Dungeon Crawl Stone Soup version 0.28-a0-899-gf2b78a14d2 (webtiles) character file.

Game seed: 11501152546445691489

135 Murumi the Chucker (level 5, 0/53 HPs)
             Began as an Ogre Gladiator on Nov 23, 2021.
             Slain by an orc (5 damage)
             ... on level 3 of the Dungeon.
             The game lasted 00:07:08 (3069 turns).

Murumi the Chucker (Ogre Gladiator)                 Turns: 3069, Time: 00:07:08

Health: 0/53       AC:  4    Str: 18    XL:     5   Next: 18%
Magic:  5/5        EV: 10    Int: 10    God:
Gold:   121        SH:  0    Dex: 10    Spells: 4/4 levels left

rFire   . . .      SeeInvis .   a - +0 flail
rCold   . . .      Faith    .   (no shield)
rNeg    . . .      Spirit   .   b - +0 robe
rPois   .          Reflect  .   c - +0 hat
rElec   .          Harm     .   e - +0 cloak
rCorr   .          Rampage  .   (gloves unavailable)
Will    .....                   (boots unavailable)
Stlth   ++........              (no amulet)
HPRegen 0.17/turn               (no ring)
MPRegen 0.09/turn               (no ring)

@: no status effects
A: large, unfitting armour, tough skin 1
a: no special abilities


You were on level 3 of the Dungeon.
You visited 1 branch of the dungeon, and saw 4 of its levels.

You collected 121 gold pieces.

Inventory:

Hand Weapons
 a - a +0 flail (weapon)
Missiles
 h - 25 poisoned darts (quivered)
Armour
 b - a +0 robe (worn)
 c - a +0 hat (worn)
 e - a +0 cloak (worn)
Wands
 i - a wand of paralysis (7)
Scrolls
 j - a scroll of amnesia
Potions
 f - 2 potions of flight
 g - 2 potions of attraction
 k - 2 potions of brilliance


   Skills:
 - Level 3.0 Fighting
 - Level 3.0 Maces & Flails
 + Level 3.8 Throwing
 - Level 3.0 Dodging
 - Level 2.0 Stealth


You had 4 spell levels left.
You didn't know any spells.
Your spell library contained the following spells:

 Spells                   Type           Power      Damage    Failure   Level
 Animate Skeleton         Necr           0%         N/A       36%         1
 Pain                     Necr           0%         1d4       36%         1
 Gell's Gravitas          Tloc           0%         N/A       75%         3
 Teleport Other           Tloc           0%         N/A       75%         3
 Vampiric Draining        Necr           0%         2d6       75%         3
 Dispersal                Tloc           0%         N/A       100%        6
 Malign Gateway           Summ/Tloc      0%         N/A       100%        7
 Summon Horrible Things   Summ           0%         N/A       100%        8


Dungeon Overview and Level Annotations

Branches:
Dungeon (4/15)
 Temple: D:4-7

Altars:


Innate Abilities, Weirdness & Mutations

You are too large for most types of armour.
You have tough skin. (AC +1)


Message History

An ogre comes into view. It is wielding a +0 giant club.
The orc barely misses you.
There is a stone staircase leading up here.
The ogre shouts!
The orc closely misses you.
The orc priest looks braver for a moment.
The orc hits you with a +0 falchion.
You climb upwards.
There is a stone staircase leading down here.
Throw: throwing net
Press: ? - help, Q - select action, (/) - cycle Shift-Dir - straight line, f - orc priest
Aim: an orc priest, wielding a +0 club (57% to hit)
You throw a throwing net. The throwing net hits the orc priest.
The orc priest is caught in the net!
The orc hits you with a +0 war axe. The orc hits you but does no damage.
The orc priest struggles against the net.
You hit the orc priest.
The orc priest is moderately wounded.
The orc closely misses you. The orc hits you but does no damage.
The orc priest invokes the aid of Beogh against you.
Beogh smites you!
The orc priest struggles against the net.
You hit the orc priest.
The orc priest is heavily wounded.
The orc barely misses you. The orc hits you but does no damage.
The orc hits you with a +0 war axe! The orc barely misses you.
You thump the orc priest!
You kill the orc priest!
The orc hits you with a +0 war axe!
* * * LOW HITPOINT WARNING * * *
The orc closely misses you.
You have reached level 5!
It was a potion of curing.
You feel better. The orc hits you with a +0 war axe.
* * * LOW HITPOINT WARNING * * *
The orc hits you with a +0 falchion.
* * * LOW HITPOINT WARNING * * *
You completely miss the orc. The orc hits you with a +0 war axe.
* * * LOW HITPOINT WARNING * * *
The orc hits you with a +0 falchion.
You die...

#####..##.#......#
#..##.#......#
######..##.#...#####
....##...#.#.......#
....###..#.###..##.#
.........#....<..#.#
....#............#.#
.####....######oo#.#
.# #...## #)@#.# .#
#...# ####.# .#
#...# ###.#### .#
########## #......#
.# #.....# #......#
.# #.....# #......#
.#######..[..#
###.####
.............# #.#
.#######.....# #.#


You could see 2 orcs.

Vanquished Creatures
  An orc priest (D:3)
  A hound (D:2)
  A gnoll (D:1)
  An adder (D:2)
  A worm (D:2)
  2 dart slugs
  4 endoplasms
  3 giant cockroaches
  2 goblins
  8 hobgoblins
  4 jackals (D:2)
  A quokka (D:2)
  3 ball pythons
  8 bats
  3 frilled lizards
  4 kobolds
  3 rats
50 creatures vanquished.

Notes
Turn   | Place    | Note
-------+----------+-------------------------------------------
     0 | D:1      | Murumi the Ogre Gladiator began the quest for the Orb.
     0 | D:1      | Reached XP level 1. HP: 22/22 MP: 1/1
   450 | D:1      | Found a faded altar of an unknown god.
   474 | D:1      | Reached XP level 2. HP: 31/31 MP: 2/2
   744 | D:1      | Reached skill level 1 in Stealth
   744 | D:1      | Reached XP level 3. HP: 37/37 MP: 3/3
  1566 | D:2      | Reached XP level 4. HP: 23/45 MP: 4/4
  3061 | D:4      | Noticed an ogre
  3068 | D:3      | Reached XP level 5. HP: 6/53 MP: 5/5
  3069 | D:3      | Slain by an orc

Illustrated notes

Levels and vault maps discovered:
D:1:      tarquinn_simple_flora_water_e, layout_basic,
          ebering_ecumenical_altar_webs, serial_glass, glass_columns_c,
          glass_columns_a
D:2:      layout_basic
D:3:      layout_basic
D:4:      minmay_bubble_buster, layout_basic, chei_slow_surprise,
          minmay_temple_entry_purple_smoke, minmay_misc_feat_four_crosses

Skill      XL: |  1  2  3  4 |
---------------+-------------+-----
Fighting       | 3 |  3.0
Maces & Flails | 3 |  3.0
Dodging        | 3 |  3.0
Stealth        | 1 2 |  2.0
Throwing       | 3 |  3.8

Action                   |  1- 3 |  4- 6 || total
-------------------------+-------+-------++-------
Melee: Flail             |    80 |    81 ||   161
Throw: Stone             |     2 |       ||     2
       Throwing net      |     3 |     1 ||     4
  Use: Scroll            |     2 |     4 ||     6
       Potion            |       |     1 ||     1
 Stab: Sleeping          |     4 |     1 ||     5
       Held in net/web   |     1 |       ||     1
Armor: Robe              |    20 |    46 ||    66
Dodge: Dodged            |    26 |    72 ||    98

Table legend: (Time is in decaauts)
 A = Elapsed time spent in this place.
 B = Non-inter-level travel time spent in this place.
 C = Inter-level travel time spent in this place.
 D = Time resting spent in this place.
 E = Time spent auto-exploring this place.
 F = Levels seen in this place.
 G = Mean time per level.
                   A        B        C        D        E       F      G
               +--------+--------+--------+--------+--------+-----+--------+
         Total |   3113 |   2847 |    266 |    175 |   2157 |   4 |  778.2 |
       Dungeon |   3113 |   2847 |    266 |    175 |   2157 |   4 |  778.2 |
               +--------+--------+--------+--------+--------+-----+--------+

Top non-repeatable levels by time:
     D:2: 1462 daAuts
     D:1: 1122 daAuts
     D:3: 515 daAuts
     D:4: 13 daAuts
